 Dungeon Crawl Stone Soup version 0.22-a0-571-g4a923d4 (webtiles) character file.

599 Hebeh the Chopper (level 7, -2/61 HPs)
             Began as a Minotaur Fighter on July 1, 2018.
             Slain by an ogre
             ... wielding a +0 giant spiked club
              (5 damage)
             ... on level 4 of the Dungeon.
             The game lasted 00:07:54 (3635 turns).

Hebeh the Chopper (Minotaur Fighter)                Turns: 3635, Time: 00:07:56

Health: -2/61      AC: 14    Str: 22    XL:     7   Next: 17%
Magic:  6/6        EV:  7    Int:  7    God:
Gold:   225        SH: 10    Dex: 10    Spells: 6/6 levels left

rFire    x . .     SeeInvis .   a - +0 war axe
rCold    + + .     Gourm    .   c - +0 shield
rNeg     . . .     Faith    .   v - +3 ice dragon scales of Ashenzari {+Fly rElec rF- rC++ Int+2 Stlth+}
rPois    .         Spirit   .   (helmet restricted)
rElec    +         Reflect  .   (no cloak)
rCorr    .         Harm     .   (no gloves)
MR       .....                  (no boots)
Stlth    ..........             (no amulet)
HPRegen  0.20/turn              (no ring)
MPRegen  0.10/turn              (no ring)

@: glowing
A: retaliatory headbutt, horns 2
a: Evoke Flight


You were on level 4 of the Dungeon.
You were not hungry.

You visited 1 branch of the dungeon, and saw 4 of its levels.

You collected 225 gold pieces.

Inventory:

Hand Weapons
 a - a +0 war axe (weapon)
Armour
 c - a +0 shield (worn)
 l - a +0 plate armour
 v - the +3 ice dragon scales of Ashenzari (worn) {+Fly rElec rF- rC++ Int+2 Stlth+}
   (You took it off a kobold on level 3 of the Dungeon)

   It affects your intelligence (+2).
   It makes you vulnerable to fire.
   It greatly protects you from cold.
   It insulates you from electricity.
   It lets you fly.
   It makes you more stealthy.
Wands
 y - a wand of acid (7)
Scrolls
 e - 2 scrolls of magic mapping {unknown}
 h - a scroll of immolation {unknown}
 j - 3 scrolls of identify {unknown}
 k - 3 scrolls of noise {unknown}
 m - 3 scrolls of teleportation
 n - 3 scrolls of remove curse {unknown}
 o - 2 scrolls of fear {unknown}
 p - 2 scrolls of blinking {unknown}
 s - a scroll of enchant weapon {unknown}
 x - a scroll of fog {unknown}
Potions
 b - a potion of agility {unknown}
 d - 2 potions of might
 g - 2 potions of curing {unknown}
 i - 2 potions of ambrosia {unknown}
 r - a potion of flight {unknown}
 t - a potion of haste {unknown}
 u - a potion of experience {unknown}
 w - a potion of invisibility {unknown}
Comestibles
 f - 10 rations
 q - 13 chunks of flesh


   Skills:
 + Level 5.5 Fighting
 * Level 6.3 Axes
 + Level 5.5 Armour
 + Level 5.4 Shields


You had 6 spell levels left.
You didn't know any spells.
Your spell library was empty.

Dungeon Overview and Level Annotations

Branches:
Dungeon (4/15)
 Temple: D:4-7

Altars:

Annotations:
D:4 1 runed door, Pikel; TheNamelessOne's ghost, amateur GnSk


Innate Abilities, Weirdness & Mutations

You reflexively headbutt those who attack you in melee.
You have a pair of horns on your head.


Message History

You hit the slave. You slash the slave! You block Pikel's attack.
The slave barely misses you. You furiously retaliate!
You headbutt the slave!
The ogre hits you with a giant spiked club!
* * * LOW HITPOINT WARNING * * *
You slash Pikel!
Pikel is moderately wounded.
You hit the slave but do no damage.
Your shield and ice dragon scales of Ashenzari prevent you from hitting the ogre.
You completely miss the gnoll shaman. You barely miss the slave.
Pikel barely misses you. You furiously retaliate!
You headbutt Pikel.
The slave barely misses you. x2; You block the gnoll shaman's attack.
The ogre closely misses you. Pikel hits you but does no damage.
You hit Pikel.
Pikel is severely wounded.
You hit the slave. You hit the ogre. You barely miss the gnoll shaman.
You barely miss the slave. The slave hits you but does no damage.
You block the slave's attack. You block the gnoll shaman's attack.
Pikel hits you but does no damage.
The ogre hits you with a giant spiked club.
You die...

#.# #).##### #.#
#..÷...# ..#
#####..###.#########
..
.....................
≈≈≈≈≈≈≈≈≈≈....≈≈≈≈≈≈≈
≈≈≈≈≈≈≈≈≈≈....≈≈≈≈≈≈≈
≈≈≈≈≈≈≈≈≈≈....≈≈≈≈≈≈≈
..........pO.........
##########@gp'####
#Kp..# #p...# #....#
#....#######+
#....#)......
+....')......
+....).......
#8..8#.......


You could see Pikel, an ogre, 4 slaves and a gnoll shaman.

Vanquished Creatures
  2 ogres
  A howler monkey (D:4)
  A gnoll shaman (D:4)
  An orc priest (D:3)
  2 worker ants (D:4)
  An orc wizard (D:3)
  An iguana (D:4)
  5 gnolls (D:4)
  9 adders
  An adder skeleton (D:4)
  4 worms
  4 dart slugs
  2 leopard geckos
  8 orcs
  2 bats
  5 giant cockroaches
  7 goblins
  5 hobgoblins
  8 jackals
  A quokka (D:3)
  3 frilled lizards
  7 kobolds
  11 rats
91 creatures vanquished.

Notes
Turn   | Place    | Note
-------+----------+-------------------------------------------
     0 | D:1      | Hebeh the Minotaur Fighter began the quest for the Orb.
     0 | D:1      | Reached XP level 1. HP: 19/19 MP: 0/0
    56 | D:1      | Reached XP level 2. HP: 27/27 MP: 1/1
   191 | D:1      | Reached skill level 3 in Axes
   911 | D:1      | Reached XP level 3. HP: 33/33 MP: 2/2
  1824 | D:2      | Reached XP level 4. HP: 37/40 MP: 3/3
  2359 | D:3      | Reached skill level 4 in Axes
  2468 | D:3      | Reached XP level 5. HP: 47/47 MP: 4/4
  2575 | D:3      | Noticed an ogre
  2578 | D:3      | Killed an ogre
  2578 | D:3      | Reached skill level 5 in Axes
  2898 | D:3      | Reached XP level 6. HP: 55/55 MP: 5/5
  2902 | D:3      | Got distressingly furry ice dragon scales
  3026 | D:3      | Identified the +3 ice dragon scales of Ashenzari {+Fly rElec rF- rC++ Int+2 Stlth+} (You took it off a kobold on level 3 of the Dungeon)
  3154 | D:4      | Reached skill level 5 in Fighting
  3154 | D:4      | Reached skill level 5 in Armour
  3154 | D:4      | Reached skill level 5 in Shields
  3514 | D:4      | Found a runed door.
  3514 | D:4      | Noticed TheNamelessOne's ghost (amateur GnSk)
  3572 | D:4      | Reached skill level 6 in Axes
  3585 | D:4      | Reached XP level 7. HP: 56/61 MP: 6/6
  3601 | D:4      | Noticed Pikel
  3633 | D:4      | HP: 2/61 [ogre/giant spiked club (14)]
  3635 | D:4      | Slain by an ogre

Vault maps used:
D:1:      sevenhm_arrival_forest_fort_large_3
D:2:      kb_forest_paths
D:3:      minmay_checkerbox
D:4:      lemuel_castle_with_subvaults, first_ration, ebering_ghost_sewer_f,
          uniq_pikel

Skill      XL: |  1  2  3  4  5  6 |
---------------+-------------------+-----
Axes           | 3 4 5 6 |  6.3
Fighting       | 4 5 |  5.5
Armour         | 4 5 |  5.5
Shields        | 4 5 |  5.4

Action                   |  1- 3 |  4- 6 |  7- 9 || total
-------------------------+-------+-------+-------++-------
Melee: War axe           |    77 |   140 |    22 ||   239
       Headbutt          |    13 |    25 |     1 ||    39
  Use: Scroll            |       |       |     1 ||     1
  Eat: Chunk             |     3 |     6 |       ||     9
Armor: Scale mail        |    20 |       |       ||    20
       Plate armour      |    26 |    23 |       ||    49
       Ice dragon scales |       |    41 |    28 ||    69
Dodge: Dodged            |    13 |    25 |    15 ||    53
Block: Shield            |    30 |    64 |    29 ||   123

Table legend:
 A = Spawn XP
 B = Non-spawn XP
 C = Spawn XP percentage of total XP
 D = Spawn monster count
 E = Non-spawn monster count
 F = Spawn count percentage of total count
 G = Total turns spent on level
                    A         B        C        D         E        F      G
               +---------+---------+-------+---------+---------+-------+---------
         Total |       0 |     857 |   0.0 |       0 |      91 |   0.0 |  3635
               +---------+---------+-------+---------+---------+-------+---------
           D:1 |       0 |      43 |   0.0 |       0 |      21 |   0.0 |  1264
           D:2 |       0 |      63 |   0.0 |       0 |      12 |   0.0 |  1054
           D:3 |       0 |     289 |   0.0 |       0 |      34 |   0.0 |   774
           D:4 |       0 |     462 |   0.0 |       0 |      24 |   0.0 |   543
               +---------+---------+-------+---------+---------+-------+---------
